 Dungeon Sprint DCSS version 0.23-a0-494-g91793a9 (webtiles) character file.

109 JosiahThimblerig the Prestidigitator (level 4, -3/29 HPs)
             Began as an Octopode Artificer on Dec 3, 2018.
             Killed themself with a badly aimed iceblast (15 damage)
             ... in the Dungeon (Sprint I: "Red Sonja").
             The game lasted 00:04:01 (30 turns).

JosiahThimblerig the Prestidigitator (OpAr)           Turns: 30, Time: 00:04:01

Health: -3/29      AC:  1    Str: 11    XL:     4   Next: 90%
Magic:  5/10       EV: 15    Int: 14    God:
Gold:   0          SH:  0    Dex: 12    Spells: 3/3 levels left

rFire    . . .     SeeInvis .   a - +0 short sword
rCold    . . .     Gourm    .   (no shield)
rNeg     . . .     Faith    .   (helmet restricted)
rPois    .         Spirit   .   (no amulet)
rElec    .         Reflect  .   (no ring)
rCorr    .         Harm     .   (no ring)
MR       .....     NoTele   +   (no ring)
Stlth    +++.......             (no ring)
HPRegen  0.09/turn              (no ring)
MPRegen  0.12/turn              (no ring)
                                (no ring)
                                (no ring)

@: no status effects
A: almost no armour, stealthy swim, amphibious, 8 rings, constrict 8, camouflage
1, gelatinous body 1
a: no special abilities


You were in the Dungeon.
You were not hungry.

You visited 1 branch

Inventory:

Hand Weapons
 a - a +0 short sword (weapon)
 n - a +0 giant club
Armour
 m - a +3 leather armour of cold resistance
Wands
 b - a wand of flame (15)
 c - a wand of enslavement (15)
 d - a wand of random effects (12)
Scrolls
 k - a scroll of blinking
Potions
 e - a potion of curing
 g - a potion of heal wounds
 h - a potion of haste
 i - 2 potions of magic
 j - a potion of berserk rage
Comestibles
 f - a ration
 l - a chunk of flesh


   Skills:
 + Level 1.9 Fighting
 + Level 1.7 Short Blades
 + Level 4.3 Dodging
 + Level 1.3 Stealth
 + Level 9.3 Evocations


You had 3 spell levels left.
You didn't know any spells.
Your spell library was empty.

Dungeon Overview and Level Annotations

Branches:
Dungeon (1/1)

Altars:

Annotations:
D Sigmund


Innate Abilities, Weirdness & Mutations

You cannot wear most types of armour.
You are very stealthy in the water. (Stealth+)
You are amphibious.
You can wear up to eight rings at the same time.
You can use your tentacles to constrict eight enemies at once.
Your skin changes colour to match your surroundings (Stealth+).
Your rubbery body absorbs attacks. (AC +1, EV +1)


Message History

Your library has no spells.
You open the door.
Sigmund the Dreaded comes into view.
He is wielding a +0 scythe.
Sigmund shouts!
Sigmund hits you with a +0 scythe.
There is an open door here.
Evoke which item? (* to show all) (? for menu, Esc to quit)
Aiming: Random Effects
Press: ? - help, Shift-Dir - straight line, f - Sigmund
Aim: Sigmund, wielding a +0 scythe and wearing a +0 robe Sigmund looks slightly unstable.
Sigmund hits you with a +0 scythe!
Evoke which item? (* to show all) (? for menu, Esc to quit)
Aiming: Random Effects
Press: ? - help, Shift-Dir - straight line, f/p - Sigmund
Aim: Sigmund, wielding a +0 scythe and wearing a +0 robe The mass of ice explodes!
The iceblast engulfs Sigmund.
Sigmund is severely wounded.
The iceblast engulfs you!
Ouch! That really hurt!
You die...

#############
#<.#..'..#..+
#..'÷.#..@@.#
#..#####+####
#..# #..#
#..# #⌠⌠#
####


You could see Sigmund.

Vanquished Creatures
  An ogre (D)
  Ijyb (D)
2 creatures vanquished.

Notes
Turn   | Place    | Note
-------+----------+-------------------------------------------
     0 | D        | JosiahThimblerig the Octopode Artificer began the quest for
                  | the Orb.
     0 | D        | Reached XP level 1. HP: 13/13 MP: 3/3
     1 | D        | Noticed Ijyb
    14 | D        | Killed Ijyb
    14 | D        | Reached skill level 6 in Evocations
    14 | D        | Reached XP level 2. HP: 14/18 MP: 4/6
    14 | D        | Reached XP level 3. HP: 18/23 MP: 4/7
    21 | D        | Noticed an ogre
    23 | D        | Killed an ogre
    23 | D        | Reached skill level 9 in Evocations
    23 | D        | Reached XP level 4. HP: 24/29 MP: 4/10
    27 | D        | Noticed Sigmund
    30 | D        | Killed themself with a badly aimed iceblast

Vault maps used:
D:        dungeon_sprint_1

Skill      XL: |  1  2  3 |
---------------+----------+-----
Dodging        | 3 4 |  4.3
Evocations     | 6 9 |  9.3
Fighting       | |  1.9
Short Blades   | |  1.7
Stealth        | |  1.3

Action                   |  1- 3 |  4- 6 || total
-------------------------+-------+-------++-------
Melee: Short sword       |    12 |       ||    12
       Tentacles         |     2 |       ||     2
       Constrict         |     1 |       ||     1
Evoke: Wand              |     2 |     1 ||     3
Armor: Skin              |     2 |       ||     2
Dodge: Dodged            |     8 |       ||     8

Table legend:
 A = Non-vault XP
 B = Vault XP
 C = Vault XP percentage of total XP
 D = Non-vault monster count
 E = Vault monster count
 F = Vault count percentage of total count
                 A         B        C        D         E       F
            +---------+---------+-------+---------+---------+-------
      Total |       0 |     157 | 100.0 |       0 |       2 | 100.0
            +---------+---------+-------+---------+---------+-------
          D |       0 |     157 | 100.0 |       0 |       2 | 100.0
            +---------+---------+-------+---------+---------+-------
